 Dungeon Crawl Stone Soup version 0.21.1-1-g345015f (webtiles) character file.

54 poirepourri the Chopper (level 4, -2/35 HPs)
             Began as a Formicid Fighter on July 27, 2018.
             Slain by an orc
             ... wielding a +0 falchion
              (4 damage)
             ... on level 4 of the Dungeon.
             The game lasted 00:01:02 (1055 turns).

poirepourri the Chopper (Formicid Fighter)          Turns: 1055, Time: 00:01:03

Health: -2/35      AC:  8    Str: 21    XL:     4   Next: 12%
Magic:  4/4        EV:  7    Int:  7    God:
Gold:   100        SH: 10    Dex: 11    Spells: 3/3 levels left

rFire    . . .     SeeInvis +   a - +0 war axe
rCold    . . .     Gourm    .   c - +1 shield
rNeg     . . .     Faith    .   b - +0 scale mail
rPois    .         Spirit   .   (helmet unavailable)
rElec    .         Reflect  .   (no cloak)
rCorr    .         Harm     .   (no gloves)
MR       .....                  j - +0 pair of boots
Stlth    ..........             (no amulet)
HPRegen  0.11/turn              (no ring)
MPRegen  0.09/turn              (no ring)

@: no status effects
A: permanent stasis, dig shafts and tunnels, four strong arms, antennae 3
a: Dig, Shaft Self


You were on level 4 of the Dungeon.
You were hungry.

You visited 1 branch of the dungeon, and saw 4 of its levels.

You collected 100 gold pieces.

Inventory:

Hand Weapons
 a - a +0 war axe (weapon)
Armour
 b - a +0 scale mail (worn)
 c - a +1 shield (worn)
 j - a +0 pair of boots (worn)
Scrolls
 e - a scroll of teleportation
 h - a scroll of magic mapping {unknown}
 l - 2 scrolls of enchant weapon {unknown}
 m - a scroll of identify {unknown}
Potions
 d - 2 potions of might
 g - a potion of berserk rage {unknown}
 i - 2 potions of flight {unknown}
 k - 3 potions of curing {unknown}
Comestibles
 f - 5 rations


   Skills:
 - Level 3.2 Fighting
 + Level 4.1 Axes
 - Level 3.2 Armour
 - Level 3.6 Shields


You had 3 spell levels left.
You didn't know any spells.

Dungeon Overview and Level Annotations

Branches:
Dungeon (4/15)
 Temple: D:4-7

Altars:


Innate Abilities, Weirdness & Mutations

You cannot be hasted, slowed, berserked, paralysed or teleported.
You can dig through walls and to a lower floor.
Your four strong arms can wield two-handed weapons with a shield.
You have a pair of large antennae on your head. (SInv)


Message History

You hit the jackal but do no damage.
The jackal is severely wounded.
You hit the jackal. You closely miss the jackal. You closely miss the orc.
You block the jackal's attack. The jackal bites you.
* * * LOW HITPOINT WARNING * * *
The jackal closely misses you. The orc closely misses you.
The jackal bites you but does no damage. x2
The jackal bites you.
* * * LOW HITPOINT WARNING * * *
The orc hits you but does no damage.
Unknown command.
You slash the jackal!
You kill the jackal!
You barely miss the orc. You closely miss the jackal.
You barely miss the jackal. The jackal bites you.
* * * LOW HITPOINT WARNING * * *
The jackal closely misses you.
The jackal bites you but does no damage.
You block the jackal's attack. The orc hits you with a falchion.
You die...

.......#
.......#
.......#
#......#
#......#
#......#
#)o....#
#@h....#
#†h......
#........
...####..
...# .
....#
....#
.....#


You could see an orc and 2 jackals.

Vanquished Creatures
  An orc priest (D:4)
  An adder (D:2)
  An orc (D:4)
  A goblin (D:2)
  A hobgoblin (D:1)
  2 jackals (D:4)
  A kobold (D:1)
  A ball python (D:1)
  4 bats
  2 frilled lizards (D:1)
  2 rats
17 creatures vanquished.

Notes
Turn   | Place    | Note
-------+----------+-------------------------------------------
     0 | D:1      | poirepourri the Formicid Fighter began the quest for the Orb.
     0 | D:1      | Reached XP level 1. HP: 18/18 MP: 1/1
   491 | D:1      | Reached XP level 2. HP: 24/24 MP: 2/2
   762 | D:2      | Reached skill level 3 in Axes
   893 | D:2      | Reached XP level 3. HP: 29/29 MP: 3/3
  1046 | D:4      | Reached skill level 4 in Axes
  1046 | D:4      | Reached XP level 4. HP: 21/35 MP: 4/4
  1055 | D:4      | Slain by an orc

Skill      XL: |  1  2  3 |
---------------+----------+-----
Axes           | 3 4 |  4.1
Fighting       | |  3.2
Armour         | |  3.2
Shields        | |  3.6

Action                   |  1- 3 |  4- 6 || total
-------------------------+-------+-------++-------
Melee: War axe           |    49 |     9 ||    58
  Use: Scroll            |     2 |       ||     2
Armor: Scale mail        |    24 |    14 ||    38
Dodge: Dodged            |    24 |    15 ||    39
Block: Shield            |    43 |    17 ||    60
